[Event "*** Titled Tuesday Blitz"]
[Site "Chess.com"]
[Date "2020.12.01"]
[Round "2"]
[White "fyall777"]
[Black "PotapovaM"]
[Result "1/2-1/2"]
[WhiteElo "2277"]
[BlackElo "2605"]
[TimeControl "180+1"]
[EndTime "10:15:50 PST"]
[Termination "Game drawn by agreement"]

1. e4 c5 2. Nf3 d6 3. Nc3 Nf6 4. g3 g6 5. Bg2 Bg7 6. O-O O-O 7. d3 Nc6 8. Ne1 Ne8 9. f4 Nc7 10. f5 Nd4 11. g4 b6 12. Nf3 Bb7 13. Nxd4 cxd4 14.
Ne2 d5 15. Ng3 dxe4 16. Nxe4 Nd5 17. Qe1 Ne3 18. Rf2 Nxg4 19. Rf3 Ne3 20. fxg6 Nxc2 21. Qh4 fxg6 22. Ng5 h6 23. Ne6 Qd6 24. Rxf8+ Rxf8 25. Nxf8 Bxg2 1/2-1/2

[Event "*** Titled Tuesday Blitz"]
[Site "Chess.com"]
[Date "2020.12.01"]
[Round "2"]
[White "onetowin"]
[Black "Ladislav1969"]
[Result "0-1"]
[WhiteElo "2008"]
[BlackElo "2351"]
[TimeControl "180+1"]
[EndTime "10:15:50 PST"]
[Termination "Ladislav1969 won by resignation"]

1. d4 Nf6 2. Nf3 g6 3. g3 Bg7 4. Bg2 d5 5. O-O O-O 6. c4 dxc4 7. Na3 c3 8. bxc3 c5 9. Bf4 Nd5 10. Bd2 Nc6 11. e4 Nc7 12. Be3 cxd4 13. cxd4 Bg4 14. Nc2 Nb5 15. e5 Nc3 16. Qd3 Nd5 17. Rfd1 Rc8 18. h3 Bf5 19. Qd2 Bxc2 20. Qxc2 Nxe5 21. Qe4 Nxf3+ 22. Bxf3 Nc3 23. Qxb7 Nxd1 24. Rxd1 e6 25. d5 exd5 26. Rxd5 Qf6 27. Rd7 Rb8 28. Qxa7 Qxf3 0-1

[Event "*** Titled Tuesday Blitz"]
[Site "Chess.com"]
[Date "2020.12.01"]
[Round "2"]
[White "Ginger_GM"]
[Black "LamaChampetre"]
[Result "1-0"]
[WhiteElo "2608"]
[BlackElo "2233"]
[TimeControl "180+1"]
[EndTime "10:15:51 PST"]
[Termination "Ginger_GM won on time"]

1. d4 Nf6 2. c4 g6 3. Nc3 d5 4.
Nf3 Bg7 5. h4 c6 6. cxd5 Nxd5 7.
e4 Nxc3 8. bxc3 c5 9. h5 Nc6 10. h6 Bf8 11. d5 Nb8 12. c4 Nd7 13. Bb2 f6 14. Bd3 Qa5+ 15. Kf1 a6 16. e5 b5 17. Qe2 Qb6 18. a4 bxc4 19. Bxc4 Rb8 20. Bc3 fxe5 21.
Nxe5 Nxe5 22. Qxe5 Rg8 23. Ke2 Qd6 24. Rab1 Rxb1 25.
Rxb1 Bxh6 26. Rb8 Qxe5+ 27. Bxe5 Kd7 28. f4 Rf8 29. g3 g5 30. Kf3 gxf4 31. gxf4 Bg5 32.
Bd3 Bf6 33. Bf5+ e6 34. Bxe6+ Ke7 35. Rxc8 Bxe5 36. Rxf8 Kxf8 37. fxe5 1-0

[Event "*** Titled Tuesday Blitz"]
[Site "Chess.com"]
[Date "2020.12.01"]
[Round "2"]
[White "BillieKimbah"]
[Black "talman67"]
[Result "1-0"]
[WhiteElo "2856"]
[BlackElo "2541"]
[TimeControl "180+1"]
[EndTime "10:15:52 PST"]
[Termination "BillieKimbah won by resignation"]

1. c4 Nf6 2. Nc3 e5 3. Nf3 Nc6 4. e4 Bb4 5. d3 d6 6. a3 Ba5 7. Be2 O-O 8. O-O h6 9. b4 Bb6 10.
Na4 Bg4 11. Nxb6 axb6 12. Bb2 Bxf3 13. Bxf3 Re8 14. g3 Nd7 15. Bg2 Nf8 16. f4 Ne6 17. f5 Ned4 18. f6 g6 19. Qg4 Nc2 20. Qh4 Re6 21. Bh3 Kh7 22. Bxe6 fxe6 23. Rac1 N2d4 24.
Rf2 b5 25. cxb5 Nxb5 26. Rcf1 Qd7 27. Bc1 1-0

[Event "*** Titled Tuesday Blitz"]
[Site "Chess.com"]
[Date "2020.12.01"]
[Round "2"]
[White "chessmadara"]
[Black "Aleksandar-Topalov"]
[Result "0-1"]
[WhiteElo "2195"]
[BlackElo "2414"]
[TimeControl "180+1"]
[EndTime "10:15:52 PST"]
[Termination "Aleksandar-Topalov won by checkmate"]

1. e4 e6 2. d4 d5 3. Nc3 Bb4 4. e5 Qd7 5. a3 Bxc3+ 6. bxc3 b6 7. Qg4 f5 8. exf6 Nxf6 9. Qh4 Ba6 10. Bxa6 Nxa6 11. Bg5 O-O 12. Bxf6 Rxf6 13. Nf3 Nb8 14. O-O Nc6 15. Rae1 Raf8 16. Qh3 h6 17. Ne5 Nxe5 18. Rxe5 Rf5 19. Qe3 Rxe5 20. Qxe5 Rf6 21. f4 Qc6 22. Rf3 Qb5 23. Qxc7 Qb1+ 24. Rf1 Qxc2 25. Qxa7 Qxc3 26. Qxb6 Qxa3 27. Re1 Qc3 28. Rxe6 Qc1+ 29. Kf2 Qxf4+ 30. Ke2 Qf1+ 31. Kd2 Rf2+ 32. Kc3 Qc1+ 33. Kd3 Qc2+ 34. Ke3 Qe2# 0-1

[Event "*** Titled Tuesday Blitz"]
[Site "Chess.com"]
[Date "2020.12.01"]
[Round "2"]
[White "GM_LOADING"]
[Black "ElGasanov"]
[Result "0-1"]
[WhiteElo "2483"]
[BlackElo "2738"]
[TimeControl "180+1"]
[EndTime "10:15:53 PST"]
[Termination "ElGasanov won by resignation"]

1. e4 c5 2. Nf3 Nc6 3. d4 cxd4 4. Nxd4 Nf6 5. Nc3 g6 6. Nxc6 dxc6 7. e5 Qxd1+ 8. Kxd1 Ng4 9. Ke1 Nxe5 10. Be3 Bf5 11. Rc1 Ng4 12. Bf4 e5 13. Bg3 Bh6 14. Ra1 O-O-O 15.
Be2 Rhe8 16. Bh4 g5 17. Bg3 Nf6 18. Rd1 Bxc2 19. Rxd8+ Kxd8 20. Bc4 Bg6 21. Ke2 Kc7 22. Re1 Nh5 23. f3 Nf4+ 24. Kf2 f5 25. h4 b5 26.
Bf1 Bf8 27. Bh2 Bc5+ 28. Kg3 gxh4+ 0-1

[Event "*** Titled Tuesday Blitz"]
[Site "Chess.com"]
[Date "2020.12.01"]
[Round "2"]
[White "BigAl"]
[Black "FMalexhdez"]
[Result "1-0"]
[WhiteElo "2459"]
[BlackElo "2266"]
[TimeControl "180+1"]
[EndTime "10:15:53 PST"]
[Termination "BigAl won by resignation"]

1. Nf3 c5 2. g3 Nc6 3. Bg2 g6 4. O-O Bg7 5. d3 d5 6. Nbd2 e5 7. e4 Nge7 8. c3 O-O 9. exd5 Nxd5 10. Re1 Re8 11. Nc4 b5 12. Ne3 Nxe3 13. Bxe3 Qe7 14. Nd2 Bb7 15. Ne4 c4 16. Bc5 Qc7 17. dxc4 bxc4 18.
Qd6 Rec8 19. Rad1 Bf8 20. Qf6 Bxc5 21. Nxc5 Rd8 22. Nxb7 1-0

[Event "*** Titled Tuesday Blitz"]
[Site "Chess.com"]
[Date "2020.12.01"]
[Round "2"]
[White "Joel1285"]
[Black "YIYUKI"]
[Result "0-1"]
[WhiteElo "1830"]
[BlackElo "2332"]
[TimeControl "180+1"]
[EndTime "10:15:53 PST"]
[Termination "YIYUKI won on time"]

1. d4 d5 2. c4 dxc4 3. e4 Nf6 4. Nc3 e5 5. d5 c6 6. Bxc4 Bc5 7. Nf3 O-O 8. O-O cxd5 9. exd5 e4 10. Nd4 Nbd7 11. Nb3 Bd6 12. Nb5 Be5 13. d6 a6 14.
Nc7 Rb8 15. Be3 b5 16. Be2 Nb6 17. Bc5 Bb7 18. Bxb6 Bxb2 19. Rb1 Be5 20. f4 exf3 21. Bxf3 Bxd6 22. Bxb7 Rxb7 23. Nd5 Rxb6 24. Nxb6 Qxb6+ 25. Kh1 Bb8 0-1

[Event "*** Titled Tuesday Blitz"]
[Site "Chess.com"]
[Date "2020.12.01"]
[Round "2"]
[White "awesomevishesh"]
[Black "Deepweb2020"]
[Result "1-0"]
[WhiteElo "2550"]
[BlackElo "2296"]
[TimeControl "180+1"]
[EndTime "10:15:55 PST"]
[Termination "awesomevishesh won by resignation"]

1. e4 e5 2. Nf3 Nc6 3. Bb5 a6 4. Ba4 Nf6 5. O-O b5 6. Bb3 Bc5 7. a4 Rb8 8. c3 d6 9. d4 Bb6 10. a5 Ba7 11. Re1 O-O 12. h3 h6 13. Be3 Ra8 14. Nbd2 Re8 15. Qc2 Bd7 16. dxe5 Nxe5 17. Bxa7 Nxf3+ 18. Nxf3 Rxa7 19. e5 dxe5 20. Nxe5 Re7 21.
Rad1 Qe8 22. Bxf7+ Rxf7 23. Nxd7 Re7 24. Nxf6+ gxf6 25. Rxe7 Qxe7 26. Qg6+ Kf8 27. Qxh6+ Kg8 28. Rd4 f5 29. Rh4 c5 30. Qh8+ 1-0

[Event "*** Titled Tuesday Blitz"]
[Site "Chess.com"]
[Date "2020.12.01"]
[Round "2"]
[White "emperor87"]
[Black "aleksey1203borisovi4"]
[Result "1-0"]
[WhiteElo "2734"]
[BlackElo "2483"]
[TimeControl "180+1"]
[EndTime "10:15:56 PST"]
[Termination "emperor87 won by resignation"]

1. e4 g6 2. d4 Bg7 3. Nc3 d6 4. Nf3 Nc6 5. h3 e5 6. Be3 exd4 7. Nxd4 Nge7 8. Bc4 O-O 9. O-O Nxd4 10. Bxd4 Be6 11. Bb3 Bxd4 12. Qxd4 Nc6 13. Qd2 Qf6 14. Rad1 Bxb3 15.
axb3 Ne7 16. f4 a6 17. g4 Rae8 18. g5 Qg7 19. Qd4 f6 20. h4 f5 21. Qc4+ Kh8 22.
Qxc7 fxe4 23. Nxe4 Qxb2 24. Nxd6 Rd8 25. Qxe7 Qc3 26. Qe5+ Qxe5 27. fxe5 1-0

[Event "*** Titled Tuesday Blitz"]
[Site "Chess.com"]
[Date "2020.12.01"]
[Round "2"]
[White "guillembaches"]
[Black "OlifantCZ"]
[Result "0-1"]
[WhiteElo "2406"]
[BlackElo "2222"]
[TimeControl "180+1"]
[EndTime "10:15:58 PST"]
[Termination "OlifantCZ won on time"]

1. e4 e6 2. d4 d5 3. exd5 exd5 4.
Nf3 Bg4 5. h3 Bh5 6. Qe2+ Be7 7.
g4 Bg6 8. Qb5+ c6 9. Qxb7 Nd7 10. Qxc6 Rc8 11. Qxd5 Rxc2 12. Nc3 Ngf6 13. Qb3 O-O 14. Be2 Ne4 15. Be3 Nxc3 16. bxc3 Qc7 17. Bd2 Rb8 18. Qa4 Nb6 19. Qa6 Be4 20. Be3 Qxc3+ 0-1

[Event "*** Titled Tuesday Blitz"]
[Site "Chess.com"]
[Date "2020.12.01"]
[Round "2"]
[White "IngOscarArdila"]
[Black "Bubar"]
[Result "0-1"]
[WhiteElo "2169"]
[BlackElo "2407"]
[TimeControl "180+1"]
[EndTime "10:16:01 PST"]
[Termination "Bubar won by checkmate"]

1. d4 d5 2. c4 e6 3. Nc3 c5 4.
cxd5 exd5 5. Nf3 Nc6 6. Bf4 Nf6 7. e3 Be7 8. Bb5 O-O 9. Bxc6 bxc6 10. O-O Bg4 11. h3 Bh5 12. g4 cxd4 13. Nxd4 Bg6 14. Nxc6 Qd7 15. Nxe7+ Qxe7 16. Nxd5 Nxd5 17. Qxd5 Rad8 18.
Qe5 Qh4 19. Kh2 Rfe8 20. Bg3 Qh6 21. Qb5 Bd3 22. Qa4 Bxf1 23. Rxf1 Qb6 24. b3 h5 25. Rc1 Rc8 26. Rc4 hxg4 27. Rxg4 Re6 28. Qf4 Rcc6 29. Rg5 Rf6 30. Qg4 Rg6 31. Rxg6 Rxg6 32. Qc8+ Kh7 33. Qf5 Qe6 34. Qh5+ Rh6 35. Qf3 Qxh3+ 36.
Kg1 Qe6 37. a4 Qxb3 38. Qf5+ g6 39. Qe5 Qd1+ 40. Kg2 Qh1# 0-1

[Event "*** Titled Tuesday Blitz"]
[Site "Chess.com"]
[Date "2020.12.01"]
[Round "2"]
[White "resha1988"]
[Black "MillyNeuf"]
[Result "0-1"]
[WhiteElo "2681"]
[BlackElo "2331"]
[TimeControl "180+1"]
[EndTime "10:16:02 PST"]
[Termination "MillyNeuf won on time"]

1. e4 c5 2. Nf3 d6 3. d4 cxd4 4.
Nxd4 Nf6 5. Nc3 g6 6. f3 Bg7 7. Be3 O-O 8. Qd2 Nc6 9. Bc4 Bd7 10. g4 Rc8 11. Bb3 Nxd4 12. Bxd4 a5 13. O-O-O b5 14. a3 b4 15. axb4 axb4 16. Nd5 Nxd5 17.
Bxd5 Qa5 18. Qe3 Ba4 19. b3 Rc3 20. Bxc3 bxc3 0-1

[Event "*** Titled Tuesday Blitz"]
[Site "Chess.com"]
[Date "2020.12.01"]
[Round "2"]
[White "szachuspl"]
[Black "Rsnr"]
[Result "0-1"]
[WhiteElo "2494"]
[BlackElo "2776"]
[TimeControl "180+1"]
[EndTime "10:16:03 PST"]
[Termination "Rsnr won by resignation"]

1. d4 d5 2. c4 c6 3. Nf3 Nf6 4.
e3 Bg4 5. Nbd2 e6 6. Bd3 Nbd7 7. O-O Be7 8. h3 Bh5 9. b3 O-O 10. Bb2 Bg6 11. Qe2 Rc8 12. Rad1 Qa5 13. a3 Ne4 14. b4 Qa4 15. Nb1 Qb3 16. Rc1 Ng3 17.
fxg3 Bxd3 18. Qd1 Bxc4 19. Qxb3 Bxb3 20. Nfd2 Ba4 21. Nc3 Bb5 22. Nxb5 cxb5 23. Nb3 b6 24. Rxc8 Rxc8 25. Rc1 Rc4 26. Nd2 Rxc1+ 27. Bxc1 a5 28. bxa5 bxa5 29. Kf2 Nb6 30. Ke2 Nc4 31. Nb1 Kf8 32. Nc3 Bxa3 33. Bxa3+ Nxa3 34. Kd3 b4 35. Na4 Nc4 36. Nc5 Ke7 37. g4 Kd6 38. e4 Kc6 39. exd5+ exd5 40. Kc2 Kb5 41. Kb3 a4+ 0-1

[Event "*** Titled Tuesday Blitz"]
[Site "Chess.com"]
[Date "2020.12.01"]
[Round "2"]
[White "Perecke"]
[Black "suyu28"]
[Result "0-1"]
[WhiteElo "2380"]
[BlackElo "2646"]
[TimeControl "180+1"]
[EndTime "10:16:04 PST"]
[Termination "suyu28 won by resignation"]

1. e4 c6 2. Nf3 d5 3. Nc3 g6 4. d4 Bg7 5. exd5 cxd5 6. Bf4 Nc6 7. Nb5 Kf8 8. Nc7 e5 9. Nxe5 Bxe5 10. Bxe5 Nxe5 11.
Nxa8 Nc6 12. Bb5 Be6 13. O-O Qxa8 14. c3 Nf6 15. Re1 Kg7 16. Be2 Qb8 17. Bf3 Qf4 18.
g3 Qf5 19. Bg2 h5 20. h4 g5 21. hxg5 Qxg5 22. b4 h4 23. gxh4 Rxh4 24. Qf3 Rf4 25. Qg3 Rg4 26. Qh2 Nh5 27. Kf1 Bf5 28. Bf3 Bd3+ 29.
Be2 Rh4 30. Qg1 Bxe2+ 31. Rxe2 Rg4 32. Qh2 Nf4 33. Re5 Nxe5 34. dxe5 0-1

[Event "*** Titled Tuesday Blitz"]
[Site "Chess.com"]
[Date "2020.12.01"]
[Round "2"]
[White "Lukianoo"]
[Black "26andrej26"]
[Result "1-0"]
[WhiteElo "2770"]
[BlackElo "2489"]
[TimeControl "180+1"]
[EndTime "10:16:07 PST"]
[Termination "Lukianoo won by checkmate"]

1. e4 c5 2. Nf3 d6 3. d4 cxd4 4. Qxd4 e5 5. Bb5+ Nd7 6. Qd3 h6 7. O-O Nf6 8. b3 Be7 9. Ba3 O-O 10. Bxd6 Bxd6 11. Qxd6 Nxe4 12. Qd1 Qf6 13. Bxd7 Rd8 14. Qe1 Bxd7 15. Qxe4 Re8 16. Nc3 Bc6 17. Qe3 Rac8 18.
Rad1 Qg6 19. Rd2 Re6 20. Rfd1 Rf6 21. Nd5 Re6 22. c4 f6 23. Nh4 Qh5 24. Qh3 Rce8 25. Nf5 Qg5 26. Nfe3 Rd6 27. Ne7+ Rxe7 28. Rxd6 g6 29.
Qc8+ Kf7 30. Rd8 f5 31. Rf8+ Kg7 32. Rg8+ Kh7 33. Rh8+ Kg7 34. Qf8# 1-0

[Event "*** Titled Tuesday Blitz"]
[Site "Chess.com"]
[Date "2020.12.01"]
[Round "2"]
[White "Mazetovic"]
[Black "Brave_spirit12"]
[Result "1-0"]
[WhiteElo "2726"]
[BlackElo "2479"]
[TimeControl "180+1"]
[EndTime "10:16:08 PST"]
[Termination "Mazetovic won by resignation"]

1. e4 e6 2. d3 d5 3. Nd2 Nc6 4. Ngf3 Nf6 5. c3 a5 6. a4 dxe4 7. dxe4 Bc5 8. Bb5 O-O 9. O-O Bd7 10. Qe2 Qe7 11. e5 Nd5 12. Ne4 Bb6 13. b3 f5 14.
exf6 Nxf6 15. Ba3 Qf7 16. Bxf8 Rxf8 17. Bxc6 Bxc6 18. Ne5 Nxe4 19. Nxf7 Rxf7 20. Rad1 g6 21. Rd3 Nxf2 22. Rxf2 Rxf2 23. Qxf2 Bxf2+ 24. Kxf2 Kf7 25. Rd8 Ke7 26. Rh8 b5 27. Rxh7+ Kd6 28. axb5 Bxb5 29. Ke3 c5 30. c4 Bc6 31. g4 a4 32. bxa4 Bxa4 33.
h4 Bb3 34. Rg7 Bc2 35. h5 gxh5 36. gxh5 Ke5 37. h6 Kf6 38. Rc7 Kg6 39. h7 1-0

[Event "*** Titled Tuesday Blitz"]
[Site "Chess.com"]
[Date "2020.12.01"]
[Round "2"]
[White "Andreikka"]
[Black "Orest_Vovk"]
[Result "1-0"]
[WhiteElo "2882"]
[BlackElo "2548"]
[TimeControl "180+1"]
[EndTime "10:16:09 PST"]
[Termination "Andreikka won by resignation"]

1. d4 h6 2. e4 g5 3. Nc3 Bg7 4. h4 c5 5. dxc5 Bxc3+ 6. bxc3 g4 7. Qxg4 Nf6 8. Qg7 Rg8 9. Qxh6 Qa5 10. Qe3 Nxe4 11.
Ne2 Nxc5 12. h5 d6 13. Nd4 Nc6 14. Bd2 Be6 15. Bb5 Kd7 16. c4 Qb6 17. Rb1 Kd8 18. O-O Nxd4 19. Qxd4 a6 20. Bd7 Qc7 21. Bxe6 Nxe6 22.
Qd5 Rc8 23. Rxb7 Qxc4 24. Ba5+ Ke8 25. Qxc4 Rxc4 26. Rb8+ 1-0

[Event "*** Titled Tuesday Blitz"]
[Site "Chess.com"]
[Date "2020.12.01"]
[Round "2"]
[White "GigaQuparadze"]
[Black "Kovalchuk94"]
[Result "1-0"]
[WhiteElo "2912"]
[BlackElo "2557"]
[TimeControl "180+1"]
[EndTime "10:16:10 PST"]
[Termination "GigaQuparadze won by resignation"]

1. e4 e5 2. Nf3 d5 3. d4 dxe4 4. Nxe5 Bd6 5. Nc3 Bxe5 6. dxe5 Qxd1+ 7. Kxd1 Bg4+ 8. Be2 Bxe2+ 9. Kxe2 Nc6 10. Nxe4 Nxe5 11. Bf4 f6 12. Rad1 Ne7 13. Bxe5 fxe5 14. Nc5 Nf5 15.
c3 b6 16. Ne6 Rc8 17. g4 Nd6 18. Nxg7+ Kf7 19. Nh5 Rhg8 20. h3 Ke6 21. f4 exf4 22.
Nxf4+ Kd7 23. Kf3 Rcf8 24. Rhe1 h5 25. gxh5 Rg5 26. Rg1 Rxh5 27. Rg7+ Kc6 28. Kg4 Re5 29.
Rd4 b5 30. Ng6 1-0

[Event "*** Titled Tuesday Blitz"]
[Site "Chess.com"]
[Date "2020.12.01"]
[Round "2"]
[White "Synctel"]
[Black "WeAintSurePal"]
[Result "0-1"]
[WhiteElo "2002"]
[BlackElo "2351"]
[TimeControl "180+1"]
[EndTime "10:16:11 PST"]
[Termination "WeAintSurePal won on time"]

1. e4 e6 2. d4 d5 3. Nd2 dxe4 4. Nxe4 Nf6 5. Bd3 Nc6 6. Nf3 Bd6 7. Qe2 a6 8. c3 b6 9. Bg5 Bb7 10. O-O-O h6 11. Bh4 Qe7 12. Rhe1 g5 13. Bg3 Bxg3 14. Nxg3 a5 15. Kb1 O-O-O 16. h3 Nd5 17. Ba6 Nf4 18. Bxb7+ Kxb7 19. Qe4 Qd6 20. Ne5 Rhf8 21. Nf1 Qd5 22. Qxd5 exd5 23. g3 Nxh3 24. Nxc6 Kxc6 25. Re2 Rde8 26.
Rde1 Kd7 27. Ne3 c6 28. Nf5 Nxf2 29. Rxe8 Rxe8 30. Rxe8 Kxe8 31. Nxh6 Ne4 32. Nf5 Kd7 33. Kc2 Ke6 34. g4 Nf2 35. Ne3 Ne4 36. a4 Nd6 37. b3 f5 38. gxf5+ Nxf5 39. Ng4 Ne7 40. Kd3 Kf5 41.
Ne5 Kf4 42. c4 g4 0-1

[Event "*** Titled Tuesday Blitz"]
[Site "Chess.com"]
[Date "2020.12.01"]
[Round "2"]
[White "RaneshRatnesan"]
[Black "Chessbard1972"]
[Result "1-0"]
[WhiteElo "2154"]
[BlackElo "2378"]
[TimeControl "180+1"]
[EndTime "10:16:12 PST"]
[Termination "RaneshRatnesan won by checkmate"]

1. d4 d5 2. c4 e6 3. Nc3 c5 4. cxd5 exd5 5. Nf3 Nc6 6. g3 Nf6 7. Bg2 Be7 8. O-O O-O 9. Bg5 cxd4 10. Nxd4 h6 11.
Bf4 Bg4 12. Qd2 Qd7 13. Rac1 Rad8 14. Rfd1 Rfe8 15. a3 Bf8 16. Be3 Na5 17. b3 Bxa3 18. Ra1 Bb4 19. Qd3 a6 20. Ra2 Rc8 21. Na4 Qb5 22.
Nxb5 axb5 23. Nb6 Rc3 24. Qd4 Rxb3 25. Nxd5 Nxd5 26. Bxd5 Bc3 27. Qxg4 Rb4 28. Qh5 Re7 29. Rxa5 Rb2 30. Ra8+ Kh7 31. Bxf7 Bf6 32. Qg6# 1-0

[Event "*** Titled Tuesday Blitz"]
[Site "Chess.com"]
[Date "2020.12.01"]
[Round "2"]
[White "yonaltimur"]
[Black "diamonds13"]
[Result "0-1"]
[WhiteElo "1791"]
[BlackElo "2332"]
[TimeControl "180+1"]
[EndTime "10:16:12 PST"]
[Termination "diamonds13 won on time"]

1. e4 c5 2. Nf3 Nc6 3. Bb5 Qc7 4. O-O Nf6 5. Re1 a6 6. Bf1 e5 7. c4 d6 8. d3 Bg4 9. h3 Bh5 10. Be3 h6 11. Nc3 Be7 12. Nd5 Nxd5 13. cxd5 Nd4 14.
Bxd4 cxd4 15. Be2 O-O 16. Qb3 Qd7 17. Rac1 Bd8 18. Rc2 f5 19. exf5 Qxf5 20. Kh1 Ba5 21. Rec1 Qf7 22. Qa4 Bd8 23. Qb3 Bg6 24. Rf1 Bf5 25.
Nd2 Qd7 26. Ne4 Bxe4 27. dxe4 Bh4 28. Bg4 Qe7 29. Be6+ Kh8 30. Qd3 Bxf2 0-1

[Event "*** Titled Tuesday Blitz"]
[Site "Chess.com"]
[Date "2020.12.01"]
[Round "2"]
[White "KetiGrant"]
[Black "TheKingDoctor"]
[Result "1-0"]
[WhiteElo "2371"]
[BlackElo "2084"]
[TimeControl "180+1"]
[EndTime "10:16:13 PST"]
[Termination "KetiGrant won by resignation"]

1. e4 c5 2. Nf3 g6 3. c4 Bg7 4. d4 cxd4 5. Nxd4 Nc6 6. Nc2 Nf6 7. Nc3 O-O 8. Be2 d6 9. O-O a6 10. Be3 Bd7 11. f3 Rb8 12. Qd2 Ne5 13. a4 Qc8 14. b3 Rd8 15. Bb6 Rf8 16. Rac1 Bc6 17. Kh1 Nfd7 18. Ba7 Ra8 19. Bd4 Nc5 20. Rb1 Ne6 21.
Be3 Re8 22. Nb4 Bd7 23. Nbd5 Qd8 24. Bb6 Qc8 25. a5 Bc6 26. Be3 Nd7 27. b4 Bxd5 28. Nxd5 Qc6 29. f4 Rac8 30. f5 Nc7 31. Bh6 Nxd5 32.
exd5 Qc7 33. Rb3 Ne5 34. Bxg7 Kxg7 35. Rh3 h5 36. fxg6 fxg6 37. Bxh5 Qxc4 38. Be2 Qc3 39.
Qh6+ 1-0

[Event "*** Titled Tuesday Blitz"]
[Site "Chess.com"]
[Date "2020.12.01"]
[Round "2"]
[White "Funo09"]
[Black "Loy_Konstantin"]
[Result "1-0"]
[WhiteElo "2752"]
[BlackElo "2384"]
[TimeControl "180+1"]
[EndTime "10:16:16 PST"]
[Termination "Funo09 won on time"]

1. e4 c5 2. Nc3 Nc6 3. Bb5 Nd4 4.
Bc4 g6 5. Nf3 Bg7 6. Nxd4 cxd4 7. Qf3 Nh6 8. Ne2 e6 9. d3 f5 10. Nxd4 Bxd4 11. Bxh6 Bxb2 12. Rb1 Bc3+ 13. Kf1 Bf6 14. exf5 gxf5 15. Qh5+ Ke7 16. Re1 Qe8 17. Qxf5 Qg6 18. Qc5+ Kd8 19. Bf4 Rg8 20. Bg3 Be7 21. Qc7+ Ke8 22. h4 h5 23. Rh3 a5 24. a4 Kf7 25. d4 Bd8 26. Rxe6 Qxe6 27. Bxe6+ Kxe6 28. Qe5+ Kf7 29. Qxh5+ Ke6 30. d5+ Ke7 31. Qh7+ Kf8 32. Bd6+ 1-0

[Event "*** Titled Tuesday Blitz"]
[Site "Chess.com"]
[Date "2020.12.01"]
[Round "2"]
[White "MIJuanReyesRosa"]
[Black "elegant285"]
[Result "1-0"]
[WhiteElo "2065"]
[BlackElo "2343"]
[TimeControl "180+1"]
[EndTime "10:16:16 PST"]
[Termination "MIJuanReyesRosa won by resignation"]

1. e4 e6 2. d4 d5 3. Nd2 dxe4 4.
Nxe4 Nd7 5. Bd3 Ngf6 6. Nf3 Nxe4 7. Bxe4 Nf6 8. Bd3 Be7 9. O-O c5 10. Qe2 O-O 11. Rd1 Qc7 12. c4 b6 13. Bg5 Bb7 14.
dxc5 Qxc5 15. Ne5 Rfd8 16. a3 h6 17. Bh4 Rxd3 18. Rxd3 Be4 19. Rd7 Qxe5 20. Rxe7 Qd6 21. Bxf6 gxf6 22. Qxe4 Qxe7 23. Qxa8+ 1-0

[Event "*** Titled Tuesday Blitz"]
[Site "Chess.com"]
[Date "2020.12.01"]
[Round "2"]
[White "sergiochess83"]
[Black "SaqoChess_Twitch"]
[Result "1-0"]
[WhiteElo "2807"]
[BlackElo "2510"]
[TimeControl "180+1"]
[EndTime "10:16:17 PST"]
[Termination "sergiochess83 won by resignation"]

1. e4 c5 2. Nf3 d6 3. d4 cxd4 4. Nxd4 Nf6 5. Nc3 g6 6. Be3 Bg7 7. f3 O-O 8. Qd2 Nc6 9. O-O-O d5 10. Nxc6 bxc6 11. Bh6 Rb8 12. e5 Ne8 13. h4 Qa5 14.
Bxg7 Nxg7 15. h5 gxh5 16. Kb1 Be6 17. b3 c5 18. Nxd5 Qa3 19. Bc4 Rfd8 20. Qg5 Bxd5 21. Bxd5 e6 22. Be4 Rd4 23. Rxd4 cxd4 24. Qh6 Kf8 25.
Qxh7 Ne8 26. Qh6+ Ke7 27. Qg5+ Kd7 28. Qxh5 a5 29. Qxf7+ Kd8 30. Qxe6 Qc5 31. Rh7 Qb5 32. Bc6 1-0

[Event "*** Titled Tuesday Blitz"]
[Site "Chess.com"]
[Date "2020.12.01"]
[Round "2"]
[White "Sviridov_Valery"]
[Black "vladimirdamjanovic"]
[Result "1-0"]
[WhiteElo "2910"]
[BlackElo "2450"]
[TimeControl "180+1"]
[EndTime "10:16:18 PST"]
[Termination "Sviridov_Valery won by resignation"]

1. Nf3 Nf6 2. g3 g6 3. Bg2 Bg7 4. O-O O-O 5. c4 c6 6. d4 d5 7. cxd5 cxd5 8. Nc3 Nc6 9. Ne5 Bf5 10. Nxc6 bxc6 11.
Bf4 Nd7 12. Rc1 Rc8 13. Na4 e5 14. dxe5 Nxe5 15. b3 Qe7 16. Be3 Rfd8 17. Bc5 Qb7 18. Bd4 Qe7 19. Qd2 Re8 20. Qb2 Bh6 21. Nc5 Nd7 22.
Nxd7 Qxd7 23. Rc5 Qe6 24. e3 Qd6 25. Rfc1 Be4 26. Qc3 Bxg2 27. Kxg2 Re6 28. b4 a6 29. a4 Bf8 30. b5 axb5 31. axb5 h5 32. Rxc6 Rxc6 33.
bxc6 Qc7 34. Bb6 Qxb6 35. c7 Re8 36. c8=Q Rxc8 37. Qxc8 Qb2 38. Rd1 Qe5 39. Qd7 Qe4+ 40. Kg1 h4 41. Qxd5 Qg4 42. Rd4 Qc8 43. Rxh4 Qc1+ 44.
Kg2 Qc7 45. Rf4 Bg7 46. h4 Bh6 47. Rf6 Bg7 48. Rxg6 Qe7 49. Rg4 Qf6 50. Qg5 Qa1 51. Qxg7+ Qxg7 52. Rxg7+ Kxg7 53. g4 f6 1-0

[Event "*** Titled Tuesday Blitz"]
[Site "Chess.com"]
[Date "2020.12.01"]
[Round "2"]
[White "tteshan"]
[Black "Vojtap"]
[Result "1-0"]
[WhiteElo "2387"]
[BlackElo "2114"]
[TimeControl "180+1"]
[EndTime "10:16:18 PST"]
[Termination "tteshan won by resignation"]

1. e4 c5 2. c3 Nf6 3. e5 Nd5 4. Nf3 Nc6 5. d4 cxd4 6. cxd4 d6 7. Bc4 e6 8. Qe2 dxe5 9. dxe5 Be7 10. O-O Qa5 11.
Rd1 Nb6 12. Bd3 O-O 13. Qe4 g6 14. Nc3 Nd5 15. Nxd5 Qxd5 16. Qe2 Qc5 17. Be3 Qb4 18. Rac1 Rd8 19. a3 Qa5 20. Bf4 Nd4 21. Nxd4 Rxd4 22.
Be4 Bc5 23. b4 Qd8 24. bxc5 Rxd1+ 25. Rxd1 Qe7 26. Qd3 Kg7 27. Qd2 a5 28. Bh6+ Kg8 29.
Qd8+ 1-0

[Event "*** Titled Tuesday Blitz"]
[Site "Chess.com"]
[Date "2020.12.01"]
[Round "2"]
[White "DenishevM"]
[Black "Konavets"]
[Result "0-1"]
[WhiteElo "2587"]
[BlackElo "3012"]
[TimeControl "180+1"]
[EndTime "10:16:19 PST"]
[Termination "Konavets won by resignation"]

1. d4 d5 2. c4 c6 3. Nf3 e6 4. e3 f5 5. Nbd2 Nf6 6. b3 Bd6 7. Bb2 O-O 8. Bd3 a5 9. O-O b6 10. Qc1 Qe7 11. a4 Na6 12. Ne5 Nb4 13. Be2 Bb7 14. Ba3 Rac8 15. Ndf3 Ne4 16. Qb2 c5 17.
Bxb4 axb4 18. a5 bxa5 19. Rxa5 Nc3 20. Rfa1 g5 21. h3 g4 22. hxg4 fxg4 23. Nxg4 dxc4 24. Ra7 Rc7 25. Rxb7 Rxb7 26. Bxc4 Kh8 27. Ra6 Ra7 28. Rxa7 Qxa7 29. Bxe6 Ra8 30. Nge5 Qe7 31. Bh3 Ra2 32. Qxa2 Nxa2 33. Ng5 Bxe5 0-1

[Event "*** Titled Tuesday Blitz"]
[Site "Chess.com"]
[Date "2020.12.01"]
[Round "2"]
[White "yourstrulyme"]
[Black "Gabrielian_Artur"]
[Result "0-1"]
[WhiteElo "2486"]
[BlackElo "2761"]
[TimeControl "180+1"]
[EndTime "10:16:19 PST"]
[Termination "Gabrielian_Artur won on time"]

1. e4 c5 2. Nf3 d6 3. d4 cxd4 4. Nxd4 Nf6 5. Nc3 Nc6 6. Be2 g6 7. Be3 Bg7 8. O-O O-O 9. Nb3 Be6 10. f4 Qc8 11. h3 Rd8 12. Bf3 Bc4 13. Rf2 e5 14.
Rd2 exf4 15. Bxf4 Ne5 16. Nd4 a6 17. Nd5 Bxd5 18. exd5 Nc4 19. c3 Nxd2 20. Qxd2 Qc5 21. Kh1 Re8 22. Rf1 Nd7 23. Nb3 Qc7 24. Qf2 Ne5 25. Be2 Re7 26. Nd4 Rae8 27. Bg5 Rd7 28. Bf6 Bxf6 29. Qxf6 Qd8 30. Qf4 Rde7 31. Rf2 Qa5 32.
a3 Qxd5 33. Kh2 Nc6 0-1